 Dungeon Crawl Stone Soup version 0.14-a0-736-g2a71271 (webtiles) character file.

11936 JacquesDerrida the Aerator (level 11, -5/59 HPs)
             Began as a Tengu Air Elementalist on Nov 7, 2013.
             Was a High Priest of Vehumet.
             Slain by a centaur warrior
             ... wielding a +0,+0 elven trident
              (12 damage)
             ... on Level 11 of the Dungeon.
             The game lasted 00:56:10 (9468 turns).

JacquesDerrida the Aerator (Tengu Air Elementalist) Turns: 9468, Time: 00:56:11

HP  -5/59        AC 14     Str 10      XL: 11   Next: 76%
MP   5/37        EV 10     Int 20      God: Vehumet [*****.]
Gold 611         SH  0     Dex 13      Spells:  4 memorised, 17 levels left

Res.Fire  : . . .   See Invis. : .   K - +1,+3 flail (protect)
Res.Cold  : + . .   Warding    : .   L - +2 orc leather armour {rC+}
Life Prot.: . . .   Conserve   : .   (no shield)
Res.Poison: .       Res.Corr.  : +   o - +2 wizard hat {Int+3}
Res.Elec. : .       Clarity    : .   (no cloak)
Sust.Abil.: . .     Spirit.Shd : .   l - +1 pair of gauntlets
Res.Mut.  : .       Stasis     : .   (boots unavailable)
Res.Rott. : .       Flight     : .   t - amulet of resist corrosion
Saprovore : . . .                    e - ring of wizardry
                                     j - ring of magical power

@: slowed, very heavily drained, very slow, somewhat resistant to hostile
enchantments, very unstealthy
A: able to fly, antennae 1, beak, talons 3, regeneration 1, +10% hp, Dex -2
a: Fly, Renounce Religion


You were on level 11 of the Dungeon.
You worshipped Vehumet.
Vehumet was extremely pleased with you.
You were not hungry.

You visited 2 branches of the dungeon, and saw 12 of its levels.
You also visited: Bailey.

You collected 611 gold pieces.

Inventory:

Hand weapons
 K - a +1,+3 flail of protection (weapon)
Armour
 l - a +1 pair of gauntlets (worn)
 o - a +2 wizard hat of intelligence (worn)
 D - a +0 pair of gloves
 H - a +2 elven robe of positive energy
 L - a +2 orcish leather armour of cold resistance (worn)
Magical devices
 m - a wand of fireball (0)
 F - a wand of fire (8)
 G - a wand of disintegration (13)
Comestibles
 c - 7 bread rations
 x - a meat ration
 C - 15 cheeses
 M - 12 sultanas
Scrolls
 f - 13 scrolls of identify
 h - 6 scrolls of remove curse
 s - 2 scrolls of magic mapping
 v - 2 scrolls of recharging
 y - a scroll of curse weapon
Jewellery
 a - an uncursed ring of poison resistance {unknown}
 e - a ring of wizardry (right hand)
 g - a +6 ring of dexterity
 j - a ring of magical power (left hand)
 r - an uncursed ring of regeneration
 t - an amulet of resist corrosion (around neck)
 B - an uncursed ring of fire
 E - an uncursed ring of protection from fire
 I - an uncursed ring of sustenance
Potions
 i - a potion of cure mutation
 k - 3 potions of flight
 n - 3 potions of berserk rage
 A - a potion of curing
Books
 b - a book of Air

   Spells                             Type                      Level
   *Shock                             Conjuration/Air              1
   *Swiftness                         Charms/Air                   2
   *Repel Missiles                    Charms/Air                   2
   Flight                             Charms/Air                   3
   Static Discharge                   Conjuration/Air              3
   *Lightning Bolt                    Conjuration/Air              5
 q - a book of Transfigurations

   Spells                             Type                      Level
   Stoneskin                          Transmutation/Earth          2
   Ice Form                           Ice/Transmutation            4
   Statue Form                        Transmutation/Earth          6
   Dragon Form                        Transmutation                7
 z - a book of Enchantments

   Spells                             Type                      Level
   Cause Fear                         Hexes                        4
   Silence                            Hexes/Air                    5
   Tukima's Dance                     Hexes                        5
   Deflect Missiles                   Charms/Air                   6
   Haste                              Charms                       6
   Discord                            Hexes                        8


   Skills:
 - Level 2.1(0.0) Dodging
 - Level 2.0(0.0) Stealth
 + Level 8.5(3.9) Spellcasting
 - Level 12.8(7.7) Conjurations
 + Level 15.5(10.0) Air Magic


You had 17 spell levels left.
You knew the following spells:

 Your Spells              Type           Power        Failure   Level  Hunger
a - Shock                 Conj/Air       ####         1%          1    None
b - Repel Missiles        Chrm/Air       ###.......   1%          2    #......
c - Swiftness             Chrm/Air       ###.......   1%          2    #......
d - Lightning Bolt        Conj/Air       #####.....   1%          5    #####..


Dungeon Overview and Level Annotations

Branches:
Dungeon (11/27)            Temple (1/1) D:4
    Orc: D:6-11        Lair: D:8-13

Altars:
Ashenzari
Cheibriados
Elyvilon
Fedhas
Kikubaaqudgha
Makhleb
Nemelex Xobeh
Okawaru
Sif Muna
Trog
Vehumet
Xom
Yredelemnul
Zin
the Shining One

Shops:
D:5 /   D:11 }!(

Annotations:
D:7 exclusion: oklob plant
D:11 Erica


Innate Abilities, Weirdness & Mutations

You can fly.
You have a beak for a mouth.
You have claws for feet.
You have a pair of small antennae on your head.
You are clumsy. (Dex -2)
Your natural rate of healing is unusually fast.
You are robust (+10% HP).


Message History

* * * LOW HITPOINT WARNING * * *
The kobold barely misses you.
The big kobold hits you but does no damage.
The giant gecko bites you but does no damage.
There is a fountain of clear blue water here.
Read which item? (? for menu, Esc to quit)
Okay, then.
Drink from the fountain? [Y]es or [N]o only, please.
Drink from the fountain?
Drink which item? (? for menu, Esc to quit)
Okay, then.
Drink from the fountain?
Drink which item? (? for menu, Esc to quit)
You feel better.
The centaur warrior hits you but does no damage.
The giant gecko misses you. The big kobold barely misses you.
The kobold hits you but does no damage.
The centaur warrior hits you with an uncursed elven trident!
You die...

#........#
#........#
#........#
#........#
#######.((.....#
.........).....#
######..⌠.K....#
.......KcK...#
...##..⌠l@C...#
## #.#.#######
#.#.# #.#.#
#.#.# #.#


You could see a hill giant, a centaur warrior, a big kobold, a giant gecko and 2
kobolds.

Vanquished Creatures
  The ghost of JacquesDerrida the Frost Mage, an experienced DsIE of Sif Muna (D:10)
  3 hill giants
  Pikel (D:4)
  2 orc knights (Bailey)
  Sonja (D:11)
  2 trolls
  Prince Ribbit (D:7)
  A two-headed ogre (D:10)
  5 yaks (D:9)
  A hungry ghost (D:10)
  Edmund (D:5)
  2 manticores
  4 necrophages (D:9)
  11 orc warriors
  A black bear (D:9)
  5 ogres
  An ice beast (D:9)
  3 centaurs
  Sigmund (D:7)
  2 rotting devils (D:9)
  A giant frog (D:6)
  A manticore zombie (D:7)
  16 big kobolds
  A hippogriff skeleton (D:9)
  7 crimson imps
  3 goliath beetles
  A black bear zombie (D:7)
  4 hounds
  A jelly (D:9)
  8 orc wizards
  11 orc priests
  4 iguanas
  An orange rat (D:7)
  3 scorpions
  4 worker ants
  Ijyb (D:7)
  An ogre skeleton (D:4)
  Terence (D:2)
  A worker ant zombie (D:7)
  7 gnolls
  15 adders
  A giant centipede (D:8)
  3 green rats (D:7)
  A giant mite (D:7)
  A goliath beetle zombie (D:6)
  3 worms
  2 adder skeletons
  4 grey rats (D:7)
  A giant eyeball (D:5)
  5 giant geckos
  An ooze (D:3)
  40 orcs
  A bat skeleton (D:5)
  A bat zombie (D:5)
  7 giant cockroaches
  17 goblins
  14 hobgoblins
  4 jackals (D:7)
  4 quokkas
  2 ball pythons (D:3)
  16 bats
  7 giant newts
  A giant spore (D:7)
  3 hobgoblin skeletons
  45 kobolds
  A kobold skeleton (D:7)
  17 rats
  A rat skeleton (D:5)
  2 ballistomycetes (D:7)
346 creatures vanquished.

Vanquished Creatures (others)
  A hound (D:5)
  A giant frog zombie (D:5)
  A crimson imp (D:5)
  A giant gecko (D:5)
  A goblin (D:5)
  A hobgoblin (D:5)
  A bat (D:5)
  2 kobolds (D:5)
  A plant (D:3)
10 creatures vanquished.

Grand Total: 356 creatures vanquished

Notes
Turn   | Place    | Note
--------------------------------------------------------------
     0 | D:1      | JacquesDerrida, the Tengu Air Elementalist, began the quest for the Orb.
     0 | D:1      | Reached XP level 1. HP: 10/10 MP: 3/3
   352 | D:1      | Reached XP level 2. HP: 10/15 MP: 5/5
   699 | D:1      | Reached XP level 3. HP: 16/19 MP: 4/6
   950 | D:2      | Reached skill level 5 in Air Magic
   979 | D:2      | Learned a level 2 spell: Repel Missiles
  1073 | D:2      | Noticed Terence
  1093 | D:2      | Killed Terence
  1093 | D:2      | Reached XP level 4. HP: 17/24 MP: 8/8
  1961 | D:3      | Reached XP level 5. HP: 28/28 MP: 11/11
  2005 | D:3      | Learned a level 2 spell: Swiftness
  2395 | D:3      | Reached skill level 5 in Conjurations
  2609 | D:4      | Reached XP level 6. HP: 30/32 MP: 12/14
  2782 | D:4      | Found a staircase to the Ecumenical Temple.
  2798 | Temple   | Entered the Ecumenical Temple
  2835 | Temple   | Became a worshipper of Vehumet
  2992 | D:4      | Reached skill level 6 in Conjurations
  3300 | D:5      | Entered Level 5 of the Dungeon
  3300 | D:5      | Noticed Pikel
  3332 | D:4      | Killed Pikel
  3332 | D:4      | Reached skill level 8 in Conjurations
  3332 | D:4      | Reached XP level 7. HP: 24/36 MP: 17/17
  3332 | D:4      | Reached XP level 8. HP: 27/41 MP: 19/19
  3578 | D:5      | Learned a level 5 spell: Lightning Bolt
  3618 | D:5      | Noticed Edmund
  3646 | D:5      | Killed Edmund
  3722 | D:5      | Acquired Vehumet's first power
  3722 | D:5      | Offered knowledge of Magic Dart by Vehumet.
  3722 | D:5      | Reached skill level 9 in Conjurations
  3728 | D:5      | Found Skenoxza's Magical Wand Shoppe.
  3857 | D:5      | Gained mutation: Your natural rate of healing is unusually fast. [potion of mutation]
  3857 | D:5      | Gained mutation: You are clumsy. (Dex -2) [potion of mutation]
  3857 | D:5      | Gained mutation: You are robust (+10% HP). [potion of mutation]
  3858 | D:5      | Gained mutation: You have a pair of small antennae on your head. [potion of beneficial mutation]
  4336 | D:6      | Found a snail-covered altar of Cheibriados.
  4345 | D:6      | Found an ancient bone altar of Kikubaaqudgha.
  5208 | D:6      | Reached skill level 10 in Conjurations
  5235 | D:6      | Offered knowledge of Sting by Vehumet.
  5235 | D:6      | Reached XP level 9. HP: 37/49 MP: 20/20
  5450 | D:7      | Reached skill level 10 in Air Magic
  5513 | D:7      | Noticed Sigmund
  5558 | D:7      | Noticed Prince Ribbit
  5567 | D:7      | Killed Prince Ribbit
  5577 | D:7      | Found a burning altar of Makhleb.
  5612 | D:7      | Reached skill level 5 in Spellcasting
  5621 | D:7      | Offered knowledge of Dazzling Spray by Vehumet.
  5711 | D:7      | Reached skill level 11 in Air Magic
  5798 | D:7      | Found a flagged portal.
  5801 | D:7      | Acquired Vehumet's second power
  5827 | Bailey   | Entered a bailey
  5906 | Bailey   | Noticed an orc knight
  5916 | Bailey   | Noticed an orc knight
  6032 | Bailey   | Killed an orc knight
  6032 | Bailey   | Reached skill level 12 in Air Magic
  6032 | Bailey   | Reached XP level 10. HP: 35/55 MP: 4/25
  6041 | Bailey   | Offered knowledge of Airstrike by Vehumet.
  6458 | Bailey   | Killed an orc knight
  6575 | Bailey   | Got a pair of heavily runed gloves
  6579 | Bailey   | Identified the cursed -5 pair of gloves of Kibeik {Str+2 Int+4} (You found it in a bailey)
  6699 | D:7      | Killed Sigmund
  6780 | D:7      | Noticed Ijyb
  6790 | D:7      | Killed Ijyb
  6817 | D:7      | Found a blossoming altar of Fedhas.
  6817 | D:7      | Noticed an oklob plant
  7052 | D:8      | Acquired Vehumet's third power
  7217 | D:8      | Offered knowledge of Inner Flame by Vehumet.
  7240 | D:8      | Reached skill level 13 in Air Magic
  7661 | D:9      | Offered knowledge of Bolt of Draining by Vehumet.
  7934 | D:9      | Identified a scroll of acquirement
  8100 | D:9      | Reached skill level 14 in Air Magic
  8100 | D:9      | Reached XP level 11. HP: 59/59 MP: 27/27
  8540 | D:10     | Entered Level 10 of the Dungeon
  8950 | D:10     | Noticed a hill giant
  8972 | D:10     | Killed a hill giant
  8972 | D:10     | Reached skill level 15 in Air Magic
  9068 | D:10     | Noticed JacquesDerrida's ghost (experienced DsIE)
  9091 | D:10     | Killed JacquesDerrida's ghost
  9098 | D:10     | Noticed a hill giant
  9104 | D:10     | Killed a hill giant
  9417 | D:11     | Noticed a hill giant
  9419 | D:11     | Noticed a five-headed hydra
  9421 | D:11     | Found Jawaop's Distillery.
  9432 | D:11     | Found Ceonuriala's Gadget Shop.
  9433 | D:11     | Noticed a hill giant
  9436 | D:11     | Killed a hill giant
  9438 | D:11     | Noticed Erica
  9443 | D:11     | Found Zowauter's Antique Weapon Emporium.
  9443 | D:11     | Noticed Sonja
  9458 | D:11     | Noticed a hill giant
  9458 | D:11     | Noticed a centaur warrior
  9459 | D:11     | Killed Sonja
  9467 | D:11     | HP: 1/59 [centaur warrior/uncursed elven trident (10)]
  9468 | D:11     | Slain by a centaur warrior

Action                   |  1- 3 |  4- 6 |  7- 9 | 10-12 || total
-------------------------+-------+-------+-------+-------++-------
Melee: Unarmed           |     8 |       |       |       ||     8
       Whip              |    41 |    18 |     1 |       ||    60
       Flail             |       |       |    13 |     2 ||    15
 Cast: Shock             |    50 |   156 |   318 |   372 ||   896
       Swiftness         |       |     1 |     4 |    16 ||    21
       Lightning Bolt    |       |       |     6 |    66 ||    72
       Repel Missiles    |       |       |     1 |     6 ||     7
 Abil: Fly               |       |       |     1 |     4 ||     5
Evoke: Wand              |       |     1 |     5 |    17 ||    23
  Use: Potion            |       |     4 |     5 |    15 ||    24
       Scroll            |       |     2 |     2 |    17 ||    21
 Stab: Sleeping          |     3 |     3 |     1 |       ||     7
